 Dungeon Crawl Stone Soup version 0.32-a0-918-g0f22ef8d61 (webtiles) character file.

Game seed: 10861327071084882976

1720540 freelancePsychic the Dwarven Aeon (level 27, 279/279 HPs)
             Began as a Mountain Dwarf Alchemist on Apr 9, 2024.
             Was the Champion of Cheibriados.
             Escaped with the Orb
             ... and 3 runes on Apr 10, 2024!
             The game lasted 01:52:37 (67083 turns).

freelancePsychic the Dwarven Aeon (MDAl)           Turns: 67083, Time: 01:52:38

Health: 279/279    AC: 38    Str: 27    XL:     27
Magic:  44/44      EV: 24    Int: 42    God:    Cheibriados [******]
Gold:   6872       SH: 13    Dex: 33    Spells: 17/46 levels left

rFire   + + .        y - +3 greatsling "Punk" {acid, rCorr}
rCold   + . .        u - +3 buckler
rNeg    . . .        Y - +8 chain mail of Tenih {Fly rPois Dex+4}
rPois   +            n - +2 helmet {SInv}
rElec   +            s - scarf {rC+ rF+}
rCorr   +            d - +2 pair of gloves of Salvation {rElec Slay+6}
SInv    +            R - +2 pair of boots
Will    +++..        E - amulet of Vitality {Regen++ RegenMP++} Stlth
                     e - ring "Puw Soum" {AC+4 Dex+4 Slay+3}
HPRegen 2.26/turn    H - ring of Ashenzari's Favour {rPois rF+ Will+ Slay+2 SInv}
MPRegen 1.09/turn

%: no passive effects
@: flying, studying Necromancy, very slow
A: runic magic, artefact enchanting, high MP 1, robust 1, weak 1, subdued magic
1, noise suppression
0: Orb of Zot
}: 3/15 runes: barnacled, silver, gossamer
a: Renounce Religion, Bend Time, Temporal Distortion, Slouch, Step From Time


You escaped.
You worshipped Cheibriados.
Cheibriados was exalted by your worship.
You visited 10 branches of the dungeon, and saw 50 of its levels.
You visited 1 bazaar.
You also visited: Gauntlet and Ice Cave.

You collected 14770 gold pieces.
You spent 7868 gold pieces at shops.
You donated 30 gold pieces to Zin.

Inventory:

Hand Weapons
 i - a +4 hand cannon of flaming
 q - the +9 short sword of Maifil {drain, rF+ rN+ Int+4}
   (You bought it in a shop on level 2 of the Dungeon)

   Int+4:     It affects your intelligence (+4).
   rF+:       It protects you from fire.
   rN+:       It protects you from negative energy.
 y - the +3 greatsling "Punk" (weapon) {acid, rCorr}
   (You found it on level 4 of the Dungeon)

   rCorr:     It protects you from acid and corrosion.
Missiles
 x - 7 throwing nets
Armour
 d - the +2 pair of gloves of Salvation (worn) {rElec Slay+6}
   (You found it in a Gauntlet)

   Slay+6:    It affects your accuracy & damage with ranged weapons and melee
   (+6).
   rElec:     It insulates you from electricity.
 n - a +2 helmet of see invisible (worn)
 s - a scarf of resistance (worn)
 u - a +3 buckler (worn)
 R - a +2 pair of boots (worn)
 Y - the +8 chain mail of Tenih (worn) {Fly rPois Dex+4}
   (You found it on level 10 of the Dungeon)

   Dex+4:     It affects your dexterity (+4).
   rPois:     It protects you from poison.
   Fly:       It grants you flight.
Jewellery
 e - the ring "Puw Soum" (left hand) {AC+4 Dex+4 Slay+3}
   (You bought it in a shop on level 2 of the Orcish Mines)

   [ring of protection]

   AC+4:      It affects your AC (+4).
   Dex+4:     It affects your dexterity (+4).
   Slay+3:    It affects your accuracy & damage with ranged weapons and melee
   (+3).
 r - the amulet "Zyjius" {Reflect rF+ Str+6 SH+5}
   (You found it on level 3 of the Spider Nest)

   [amulet of reflection]

   Reflect:   It reflects blocked missile attacks.
   Str+6:     It affects your strength (+6).
   rF+:       It protects you from fire.
   SH+5:      It affects your SH (+5).
 v - an amulet of regeneration
 E - the amulet of Vitality (around neck) {Regen++ RegenMP++}
   (You bought it in a shop on level 2 of the Elven Halls)

   [amulet of nothing]

   Regen++:   It increases your rate of health regeneration.
   RegenMP++: It increases your rate of magic regeneration.
 H - the ring of Ashenzari's Favour (right hand) {rPois rF+ Will+ Slay+2 SInv}
   (You found it on level 4 of the Shoals)

   [ring of see invisible]

   Slay+2:    It affects your accuracy & damage with ranged weapons and melee
   (+2).
   rF+:       It protects you from fire.
   rPois:     It protects you from poison.
   Will+:     It increases your willpower.
   SInv:      It lets you see invisible.
Wands
 D - a wand of iceblast (68)
 J - a wand of polymorph (24)
 M - a wand of flame (135)
 P - a wand of digging (19)
 W - a wand of quicksilver (36)
Scrolls
 c - 10 scrolls of poison
 f - 7 scrolls of vulnerability
 h - 5 scrolls of fog
 j - 8 scrolls of immolation
 l - 19 scrolls of teleportation {@r4}
 m - 7 scrolls of amnesia
 o - 10 scrolls of noise
 p - 6 scrolls of blinking
 z - 3 scrolls of enchant armour
 A - a scroll of brand weapon
 G - 4 scrolls of revelation
Potions
 b - 7 potions of cancellation
 g - 6 potions of mutation
 t - 15 potions of degeneration
 B - 4 potions of ambrosia
 F - 6 potions of invisibility {unknown}
 I - 7 potions of attraction {unknown}
 K - a potion of experience {unknown}
 L - 22 potions of curing {@q1}
 N - 3 potions of resistance
 O - 6 potions of enlightenment {unknown}
 Q - 5 potions of berserk rage {unknown}
 T - a potion of magic
 U - 8 potions of might
 V - 8 potions of brilliance {unknown}
 Z - 2 potions of heal wounds {@q2}
Miscellaneous
 a - a sack of spiders (inert)
 w - a condenser vane
 C - a Gell's gravitambourine (inert)
 S - a lightning rod (4/4)
 X - a phantom mirror


   Skills:
 - Level 22.0 Fighting
 - Level 14.0 Ranged Weapons
 - Level 19.7 Armour
 - Level 15.0 Dodging
 - Level 1.4 Stealth
 - Level 14.2 Shields
 - Level 10.0 Spellcasting
 - Level 0.8 Conjurations
 - Level 13.3 Necromancy
 - Level 23.8 Fire Magic
 - Level 9.3 Earth Magic
 - Level 8.0 Alchemy
 + Level 26.0 Invocations
 - Level 6.0 Evocations


You had 17 spell levels left.
You knew the following spells:

 Your Spells              Type           Power      Damage    Failure   Level
a - Fugue of the Fallen   Necr           80%        N/A       0%          3
b - Dispel Undead         Necr           80%        3d26      1%          4
c - Sticky Flame          Fire/Alch      87%        2d13      0%          4
d - Olgreb's Toxic Radia  Alch           61%        N/A       1%          4
e - Borgnjor's Vile Clut  Necr/Erth      37%        N/A       1%          5
f - Sting                 Conj/Alch      100%       1d9       1%          1
i - Ignition              Fire           53%        3d15      1%          8

Your spell library contained the following spells:

 Spells                   Type           Power      Damage    Failure   Level
 Foxfire                  Conj/Fire      100%       2x1d9     0%          1
 Necrotise                Necr           100%       1d9       0%          1
 Sublimation of Blood     Necr           80%        N/A       0%          2
 Vampiric Draining        Necr           80%        2d11      0%          3
 Ignite Poison            Fire/Alch      87%        N/A       0%          4
 Sandblast                Erth           100%       2d20      1%          1
 Shock                    Conj/Air       72%        1d7       1%          1
 Summon Small Mammal      Summ           64%        N/A       1%          1
 Cigotuvi's Dreadful Rot  Necr/Alch/Air  100%       N/A       1%          2
 Mercury Vapours          Alch/Air       84%        N/A       1%          2
 Inner Flame              Hex/Fire       75%        N/A       1%          3
 Mephitic Cloud           Conj/Alch/Air  35%        N/A       1%          3
 Passwall                 Erth           66%        N/A       1%          3
 Stone Arrow              Conj/Erth      98%        3d13      1%          3
 Volatile Blastmotes      Fire/Tloc      100%       2d18      1%          3
 Anguish                  Hex/Necr       28%        N/A       1%          4
 Animate Dead             Necr           80%        N/A       1%          4
 Brom's Barrelling Bould  Conj/Erth      49%        2d7       1%          4
 Flame Wave               Conj/Fire      77%        2d17      1%          4
 Leda's Liquefaction      Alch/Erth      32%        N/A       1%          4
 Martyr's Knell           Necr/Summ      56%        N/A       1%          4
 Petrify                  Alch/Erth      64%        N/A       1%          4
 Summon Blazeheart Golem  Fire/Summ      75%        N/A       1%          4
 Alistair's Intoxication  Alch           40%        N/A       1%          5
 Curse of Agony           Necr           80%        N/A       1%          5
 Fireball                 Conj/Fire      38%        3d16      1%          5
 Death Channel            Necr           40%        N/A       1%          6
 Plasma Beam              Fire/Air       37%        2x1d51    1%          6
 Starburst                Conj/Fire      38%        6d11      1%          6
 Call Imp                 Summ           32%        N/A       2%          2
 Ensorcelled Hibernation  Hex/Ice        32%        N/A       2%          2
 Fulminant Prism          Conj/Alch      22%        3d12      2%          4
 Call Canine Familiar     Summ           16%        N/A       4%          3
 Hailstorm                Conj/Ice       18%        3d7       4%          3
 Maxwell's Portable Pile  Tloc           16%        2d(6-18)  4%          3
 Ozocubu's Armour         Ice            16%        N/A       4%          3
 Sigil of Binding         Hex            16%        N/A       4%          3
 Summon Ice Beast         Ice/Summ       16%        N/A       4%          3
 Swiftness                Air            16%        N/A       4%          3
 Irradiate                Conj/Alch      22%        3d19      8%          5
 Eringya's Noxious Bog    Alch           30%        4d6       10%         6
 Iskenderun's Mystic Bla Conj/Tloc 18%            2d6        (+2d2     14%         4
 Vhi's Electric Charge    Tloc/Air       32%        N/A       17%         4
 Iskenderun's Battlesphe  Conj           21%        2d7       34%         5
 Permafrost Eruption      Ice/Erth       23%        2x4d6     38%         6
 Freezing Cloud           Conj/Ice/Air   8%         6-21      41%         5
 Metabolic Englaciation   Hex/Ice        8%         N/A       45%         5
 Summon Forest            Summ/Tloc      8%         N/A       45%         5
 Infestation              Necr           40%        N/A       45%         8
 Sculpt Simulacrum        Ice/Alch       21%        N/A       47%         6
 Haunt                    Necr/Summ      28%        N/A       71%         7
 Conjure Ball Lightning   Conj/Air       9%         3x3d6     94%         6
 Dispersal                Tloc           8%         N/A       96%         6
 Gell's Gavotte           Tloc           8%         2d(15-22) 96%         6
 Manifold Assault         Tloc           8%         N/A       100%        7
 Orb of Destruction       Conj           10%        9d6       100%        7
 Summon Hydra             Summ           8%         N/A       100%        7
 Disjunction              Tloc           8%         N/A       100%        8
 Maxwell's Capacitive Co  Air            8%         ∞         100%        8
 Death's Door             Necr           40%        N/A       100%        9


Dungeon Overview and Level Annotations

Branches:
Dungeon (15/15)            Temple (0/1) D:4            Lair (5/5) D:9
 Shoals (4/4) Lair:3       Spider (4/4) Lair:2        Slime (0/5) Lair:4
    Orc (2/2) D:9             Elf (3/3) Orc:2        Vaults (5/5) D:14
  Crypt (3/3) Vaults:2       Tomb (0/3) Crypt:3      Depths (4/4) D:15
    Zot (5/5) Depths:4      IceCv (visited)         Gauntlet (visited)

Altars:
Ashenzari
Cheibriados
Dithmenos
Elyvilon
Fedhas
Hepliaklqana
Kikubaaqudgha
Okawaru
Ru
Trog
Wu Jian
Yredelemnul
Zin
Jiyva

Shops:
D:2 (   D:5 *[   D:15 :   Orc:2 *=(=*[   Elf:1 =:(   Elf:2 [=(*   Elf:3 ?
Shoals:2 [*   Shoals:3 [   Vaults:3 =   Vaults:4 ?   Vaults:5 *

Portals:
Hell: Depths:1 Depths:2 Depths:3 Depths:4
Abyss: Depths:3
Pandemonium: Depths:2
Ziggurat: Depths:2

Annotations:
D:4 Blork the orc
D:5 2 transporters
D:6 3 runed translucent doors, olddryhag's ghost, novice MDFE
D:8 3 runed translucent doors, Stellion's ghost, journeyman GrEE; draino's ghost, novice OpSh; jasper's ghost, novice MiFi
D:9 3 runed translucent doors, SageDae's ghost, novice CoHu
D:13 1 runed translucent door, Dute's ghost, journeyman FoFi
Shoals:1 3 runed translucent doors, DrFunkyFeet's ghost, journeyman CoAr; avangion's ghost, journeyman DECj
Elf:2 3 runed translucent doors


Innate Abilities, Weirdness & Mutations

Your spellcasting is much less encumbered by armour.
You can use scrolls of enchantment on lesser artefacts.
You have an increased reservoir of magic. (+10% MP)
You are robust. (+10% HP)
You are weak. (Str -2)
Your spells are a little easier to cast, but a little less powerful.
You passively dampen the noise of your surroundings.


Message History

You shoot a sling bullet.
The sling bullet hits the blizzard demon!
The blizzard demon is splashed with acid.
The blizzard demon is severely wounded.
You are engulfed in freezing vapours.
You resist.
You are no longer corroded.
You shoot a sling bullet.
The sling bullet hits the blizzard demon!!!
You kill the blizzard demon!
Cheibriados appreciates the change of pace.
You are engulfed in freezing vapours.
You resist.
No target in view!
No target in view!
No target in view!
No target in view!
No target in view!
No target in view!
No target in view!
No target in view!
No target in view!
No target in view!
No target in view!
No target in view!
No target in view!
No target in view!
No target in view!
No target in view!
No target in view!
No target in view!
No target in view!
No target in view!
No target in view!
No target in view!
No target in view!
No target in view!
You are engulfed in freezing vapours.
You resist.
You are engulfed in freezing vapours.
You resist.
There is an open door here.
There is a staircase leading out of the dungeon here.
You have escaped!

#.#)....#####.###.##..###....####
#.#.....#...#.....###...#....#
..#....##.#.#####°#####.##...#
..#...'#..#.....#..####.##'..#
..#...#..######.##......#.#..# ##
#.#..#####...##.#..######.##.# #.
#.#..#...#.#.##'#'## #....##.# #.
#.#..#.#.#.#.##...####.#.###.# #.
#.#..'.#.#.#..'.@.'..#.#.#.'.# #.
#.#..###.#.####...##.#.#.#.#.# ##
..#..# #...# ##'#'##.#.#...#.####
.....#########..#.##...#####.....
.###..#........##.######..#......
.# #..+##.####(.#.....#..#'......
.# #...##.#####.#####.#.##.......
.# #....#...###.....#...#........
.# #....###..##.###.#####........


There were no monsters in sight!

Vanquished Creatures
  Frederick (Crypt:2)
  4 dread liches
  5 orbs of fire
  4 ancient liches (Vaults:5)
  2 juggernauts
  Xtahua (Vaults:2)
  Sojobo (Depths:4)
  6 Killer Klowns (Zot:5)
  3 curse toes
  Nikola (Spider:2)
  15 golden dragons
  the Enchantress (Depths:4)
  2 bone dragons
  2 doom hounds (Crypt:2)
  5 electric golems
  26 Orb Guardians
  22 tentacled monstrosities
  A walking crystal tome (Depths:4)
  2 Hell Sentinels
  2 pandemonium lords
  The ghost of retardedninja the Warrior, an adept CoFi of Hepliaklqana (Vaults:2)
  6 titans
  Zenata (Elf:1)
  5 liches
  8 quicksilver dragons
  Asterion (Spider:1)
  5 sphinxes
  2 deep elf blademasters
  Grunn (Crypt:2)
  2 deep elf master archers
  A walking frostbound tome (Depths:3)
  2 ancient champions
  20 storm dragons
  Kirke (Shoals:1)
  9 death cobs
  Ilsuiw (Shoals:4)
  8 shadow dragons
  10 tengu reavers
  6 protean progenitors
  8 draconian monks
  4 draconian knights
  9 frost giants
  An iron dragon (Depths:3)
  11 emperor scorpions
  19 vault wardens
  3 draconian scorchers
  5 draconian shifters
  A balrug (Depths:2)
  14 fire giants
  5 deep elf sorcerers
  5 deep elf elementalists
  2 draconian stormcallers
  4 ghouls
  2 reapers
  7 ghost moths
  A caustic shrike skeleton (Crypt:1)
  4 orc warlords
  7 spriggan defenders
  The ghost of jkt the Unseen, an adept SpEn of Gozag (Spider:3)
  11 ironbound thunderhulks
  5 draconian annihilators
  22 ironbound preservers
  23 very ugly things
  3 broodmothers (Spider:4)
  2 demonspawn corrupters (D:12)
  2 putrid mouths (Crypt:2)
  7 deep elf death magi
  12 green draconians
  5 black draconians
  6 vampire knights
  A formless jellyfish (Vaults:3)
  7 deep elf demonologists
  16 stone giants
  3 dire elephants (Vaults:2)
  Nessos (D:14)
  8 deep elf annihilators
  9 spark wasps
  10 yellow draconians
  12 purple draconians
  7 war gargoyles
  11 red draconians
  13 white draconians
  2 minotaurs
  2 eidola (Crypt:1)
  10 merfolk impalers
  6 crystal guardians
  5 ettins
  5 jiangshi
  6 deep elf high priests
  11 fire dragons
  13 yaktaur captains
  4 entropy weavers
  2 blizzard demons
  4 merfolk javelineers (Shoals:4)
  A spriggan zombie (Crypt:3)
  3 hell beasts
  5 rakshasas
  7 spriggan air magi
  44 vault guards
  A sphinx zombie (Vaults:4)
  6 great orbs of eyes
  5 jorogumos
  4 peacekeepers
  2 alligator snapping turtles (Shoals:4)
  14 ice dragons
  A spriggan skeleton (Crypt:3)
  3 hydras
  2 catoblepae (Lair:5)
  14 ironbound frosthearts
  13 two-headed ogres
  4 merfolk avatars
  8 merfolk aquamancers
  33 dancing weapons
  10 centaur warriors
  4 death knights
  4 ogre magi
  12 deep troll earth magi
  2 vampire magi
  7 boulder beetles
  7 orc high priests
  4 tengu warriors
  17 death yaks
  An occultist (Depths:3)
  Urug (D:12)
  17 demonic crawlers
  5 deep troll shamans
  7 spriggans
  8 hell knights
  A storm dragon zombie (Crypt:2)
  2 titan zombies
  A sun demon (Depths:4)
  Sonja (Orc:2)
  7 iron trolls
  7 spriggan berserkers
  3 soul eaters
  19 deep elf knights
  11 sea snakes
  A spectral spark wasp (Depths:2)
  5 skysharks
  22 skeletal warriors
  A sea snake (shapeshifter) (Depths:2)
  A fire crab (Gauntlet)
  17 deep elf archers
  2 glowing orange brains
  4 pharaoh ants
  An anaconda zombie (Crypt:3)
  An iron giant zombie (Crypt:2)
  7 bog bodies
  A flayed ghost (Crypt:2)
  A shadow demon (D:12)
  72 deep trolls
  13 orb spiders
  A mana viper (shapeshifter) (Vaults:5)
  7 steelbarb worms
  5 arcanists
  Pikel (D:9)
  18 orc knights
  A sun moth (Spider:4)
  A jorogumo zombie (Crypt:1)
  12 lindwurms
  8 necromancers
  27 harpies
  20 ironbound convokers
  A golden dragon skeleton (Crypt:1)
  6 phantasmal warriors
  23 deep elf zephyrmancers
  17 wolf spiders
  8 thermic dynamos
  25 deep elf pyromancers
  30 ugly things
  A fire giant zombie (Vaults:4)
  A goliath frog zombie (Crypt:1)
  2 fauns (shapeshifter)
  9 manticores
  7 orc sorcerers
  13 elephants
  A faun (Shoals:2)
  24 moths of wrath
  5 cyclopes
  An elephant (shapeshifter) (Depths:1)
  Maurice (D:9)
  3 meliai (Spider:4)
  A meliai (shapeshifter) (Elf:2)
  An ice statue (IceCv)
  2 iron dragon skeletons (Crypt:3)
  2 centaur zombies
  2 kobold blastminers (Orc:2)
  7 merfolk sirens
  4 black mambas
  2 rust devils
  A water nymph (Shoals:4)
  13 vault sentinels
  7 torpor snails
  A gargoyle (D:11)
  17 cane toads
  Maggie (D:6)
  Jeremiah (D:7)
  2 hellions
  2 shock serpent skeletons
  A steelbarb worm zombie (Crypt:1)
  4 freezing wraiths
  8 rime drakes
  A tengu conjurer (Depths:3)
  An efreet (Zot:5)
  14 komodo dragons
  39 yaktaurs
  A tormentor (D:12)
  An ice devil (IceCv)
  2 anaconda simulacra (IceCv)
  A black draconian skeleton (Crypt:1)
  A troll (shapeshifter) (Depths:2)
  27 merfolk
  5 trolls
  A queen bee (shapeshifter) (D:14)
  A death drake zombie (Crypt:2)
  A harpy zombie (Crypt:1)
  A hellwing (D:5)
  A hydra zombie (Crypt:1)
  7 hornets
  3 polar bears
  5 wind drakes
  A tyrant leech (Zot:5)
  28 tarantellas
  Prince Ribbit (D:7)
  2 fire dragon zombies (Crypt:3)
  A harpy skeleton (Crypt:3)
  15 snapping turtles
  37 jumping spiders
  28 blink frogs
  A dream sheep (shapeshifter) (Vaults:4)
  15 culicivoras
  10 slime creatures
  5 dream sheep
  An ettin skeleton (Crypt:1)
  A small abomination (D:6)
  11 water elementals
  3 air elementals
  2 vampires
  28 yaks
  2 shadows
  6 wyverns
  3 fire elementals
  3 humans (D:14)
  11 wraiths
  5 basilisks
  2 fire bats (Gauntlet)
  4 vampire mosquitoes (D:11)
  2 hogs (Shoals:1)
  2 steam dragons
  3 wargs (Orc:2)
  50 redbacks
  A death yak simulacrum (IceCv)
  A naga zombie (Crypt:3)
  An acid dragon (D:9)
  A hydra simulacrum (IceCv)
  A glowing shapeshifter zombie (Crypt:1)
  19 water moccasins
  A water nymph skeleton (Crypt:2)
  A swamp drake (D:9)
  7 ice beasts
  32 laughing skulls
  23 orc warriors
  8 black bears
  An elf simulacrum (Vaults:4)
  A sky beast (D:8)
  4 boggarts
  8 ogres
  A lindwurm skeleton (Crypt:1)
  7 wolves
  14 centaurs
  2 lemures (D:9)
  A phantom (D:7)
  4 kobold brigands
  21 bullfrogs
  2 cane toad simulacra (IceCv)
  2 earth elementals
  2 scorpions
  4 two-headed ogre simulacra (IceCv)
  4 wights (D:8)
  A hornet simulacrum (D:14)
  26 killer bees
  2 elephant simulacra (IceCv)
  A yak skeleton (Crypt:2)
  3 electric eels
  2 howler monkeys (D:11)
  2 bombardier beetles
  20 orc priests
  14 jellies
  A hound (D:6)
  2 iguanas
  Jessica (D:3)
  A black bear skeleton (Crypt:1)
  4 sleepcaps (D:5)
  25 orc wizards
  13 hell rats
  8 troll simulacra (IceCv)
  4 polar bear simulacra (IceCv)
  3 wolf simulacra (IceCv)
  5 spriggan simulacra (IceCv)
  Robin (D:2)
  8 gnolls
  17 adders
  5 naga simulacra (IceCv)
  6 white imps
  6 ufetubi
  5 dart slugs
  3 ribbon worms
  69 orcs
  10 ball pythons
  13 bats
  15 endoplasms
  5 giant cockroaches
  14 goblins
  16 hobgoblins
  6 jackals
  3 quokkas
  13 frilled lizards
  A frilled lizard skeleton (Crypt:1)
  30 kobolds
  A quokka skeleton (Crypt:2)
  7 rats
  4 aspiring fleshes (Zot:5)
  A spectral weapon (Spider:1)
2377 creatures vanquished.

Vanquished Creatures (collateral kills)
  An orc (Orc:2)
1 creature vanquished.

Vanquished Creatures (others)
  A draconian knight (Zot:3)
  A draconian shifter (Zot:3)
  A red draconian (Zot:3)
  A fire dragon (Depths:3)
  An ice dragon (Zot:4)
  A dancing weapon (Elf:1)
  A deep elf knight (Elf:1)
  A pharaoh ant (Spider:1)
  2 deep elf pyromancers
  A manticore (Shoals:1)
  An ice devil (D:5)
  A red devil (D:6)
  A merfolk (Shoals:3)
  A water elemental (Shoals:3)
  A human (Shoals:1)
  An ogre (Orc:2)
  A boggart (Vaults:1)
  A kobold (D:9)
19 creatures vanquished.

Grand Total: 2397 creatures vanquished

Notes
Turn   | Place    | Note
-------+----------+-------------------------------------------
     0 | D:1      | freelancePsychic the Mountain Dwarf Alchemist began the
                  | quest for the Orb.
     0 | D:1      | Reached XP level 1. HP: 14/14 MP: 3/3
   188 | D:1      | Reached XP level 2. HP: 22/22 MP: 1/4
   220 | D:1      | Found a faded altar of an unknown god.
   246 | D:1      | Prayed at the altar of an unknown god.
   246 | D:1      | Became a worshipper of Zin the Law-Giver
   246 | D:1      | Reached * piety under Zin
   526 | D:1      | Reached skill level 1 in Fighting
   661 | D:1      | Reached skill level 1 in Invocations
   829 | D:1      | Reached XP level 3. HP: 28/28 MP: 4/6
  1559 | D:2      | HP: 1/28 [adder (2)]
  1568 | D:2      | HP: 1/28 [poisoned by an adder]
  1804 | D:2      | Found Raniecet's Antique Weapon Emporium.
  1912 | D:2      | Reached ** piety under Zin
  1920 | D:2      | Noticed Robin
  1926 | D:2      | Reached XP level 4. HP: 31/36 MP: 5/7
  2057 | D:2      | Learned a level 4 spell: Olgreb's Toxic Radiance
  2182 | D:2      | Reached skill level 2 in Invocations
  2699 | D:2      | Killed Robin
  2758 | D:2      | Reached skill level 1 in Fire Magic
  3028 | D:2      | Reached XP level 5. HP: 41/41 MP: 6/8
  3170 | D:2      | Reached *** piety under Zin
  3564 | D:2      | Bought an encrusted short sword for 128 gold pieces
  3564 | D:2      | Identified the +9 short sword of Maifil {drain, rF+ rN+
                  | Int+4} (You bought it in a shop on level 2 of the Dungeon)
  3601 | D:3      | Reached skill level 3 in Invocations
  3908 | D:3      | Noticed Jessica
  3911 | D:3      | Killed Jessica
  3912 | D:3      | Reached XP level 6. HP: 44/50 MP: 5/9
  4444 | D:3      | Reached skill level 1 in Shields
  4766 | D:3      | Found a glowing silver altar of Zin.
  4766 | D:3      | Noticed an angel
  4802 | D:4      | Noticed Blork the orc
  4933 | D:4      | Found a bloodstained altar of Trog.
  5015 | D:4      | Found a staircase to the Ecumenical Temple.
  5060 | D:4      | Found the +3 greatsling "Punk" {acid, rCorr}
  5551 | D:4      | You fall into a shaft and drop 1 floor!
  5551 | D:5      | Entered Level 5 of the Dungeon
  5717 | D:5      | Reached **** piety under Zin
  5731 | D:5      | Found a transporter.
  5824 | D:5      | Found Veas's Armour Emporium.
  5872 | D:5      | Reached XP level 7. HP: 57/57 MP: 10/10
  5988 | D:5      | Found a transporter.
  6183 | D:5      | Found Zum Tie's General Store.
  6194 | D:5      | Found a white marble altar of Elyvilon.
  6368 | D:5      | Reached skill level 5 in Alchemy
  6608 | D:6      | Found a runed translucent gate.
  6608 | D:6      | Found a runed translucent gate.
  6609 | D:6      | Found a runed translucent gate.
  6609 | D:6      | Noticed olddryhag's ghost (novice MDFE)
  7153 | D:6      | Found a sacrificial altar of Ru.
  7308 | D:6      | Found an ornate altar of the Wu Jian Council.
  7308 | D:6      | Found a snail-covered altar of Cheibriados.
  7313 | D:6      | Reached XP level 8. HP: 66/66 MP: 11/11
  7320 | D:6      | Fell from the grace of Zin
  7320 | D:6      | Became a worshipper of Cheibriados the Contemplative
  7400 | D:5      | HP: 2/67 [quokka (3)]
  7616 | D:5      | Learned a level 4 spell: Sticky Flame
  8164 | D:6      | Noticed Maggie
  8173 | D:6      | Killed Maggie
  8174 | D:6      | Reached skill level 5 in Fighting
  8174 | D:6      | Reached skill level 5 in Fire Magic
  8387 | D:7      | Noticed Jeremiah
  8417 | D:7      | Killed Jeremiah
  8418 | D:7      | Reached skill level 1 in Ranged Weapons
  8418 | D:7      | Reached XP level 9. HP: 62/74 MP: 4/12
  8512 | D:7      | Got the Cyclopedia of the Comburant Birds
  8538 | D:7      | Reached * piety under Cheibriados
  8590 | D:7      | Noticed Prince Ribbit
  8607 | D:7      | Killed Prince Ribbit
  9027 | D:7      | Identified a scroll of acquirement
  9027 | D:7      | Acquired 979 gold pieces
  9114 | D:8      | Reached ** piety under Cheibriados
  9166 | D:8      | Found a runed translucent gate.
  9167 | D:8      | Found a runed translucent gate.
  9167 | D:8      | Found a runed translucent gate.
  9171 | D:8      | Noticed draino's ghost (novice OpSh)
  9171 | D:8      | Noticed jasper's ghost (novice MiFi)
  9171 | D:8      | Noticed Stellion's ghost (journeyman GrEE)
  9219 | D:8      | Found a broken altar of Ashenzari.
  9485 | D:8      | Found a basalt altar of Yredelemnul.
  9609 | D:8      | Found a hazy altar of Hepliaklqana.
  9796 | D:9      | Identified the ring "Ysitocyi" {rPois Int+3 Dex+6}
  9809 | D:9      | Noticed Maurice
  9818 | D:9      | Killed Maurice
  9819 | D:9      | Reached XP level 10. HP: 79/86 MP: 8/13
  9926 | D:9      | Reached *** piety under Cheibriados
 10136 | D:9      | Found a staircase to the Orcish Mines.
 10255 | D:9      | Reached **** piety under Cheibriados
 10528 | D:9      | Found a staircase to the Lair.
 10530 | D:9      | Noticed Pikel
 10539 | D:9      | Reached skill level 5 in Ranged Weapons
 10542 | D:9      | Reached ***** piety under Cheibriados
 10581 | D:9      | Killed Pikel
 10898 | D:9      | Found a runed translucent gate.
 10898 | D:9      | Found a runed translucent gate.
 10899 | D:9      | Found a runed translucent gate.
 10899 | D:9      | Noticed SageDae's ghost (novice CoHu)
 11082 | D:10     | Entered Level 10 of the Dungeon
 11111 | D:10     | Reached XP level 11. HP: 97/97 MP: 14/14
 11598 | D:10     | Reached skill level 10 in Fire Magic
 11621 | D:10     | Found the +5 robe of Misfortune {Harm *Corrode *Slow EV+5}
 11942 | D:10     | Noticed a boulder beetle
 11948 | D:10     | Killed a boulder beetle
 12017 | D:10     | Identified the +5 chain mail of Tenih {Fly rPois Dex+4}
 12139 | D:10     | Reached skill level 10 in Fighting
 12451 | D:10     | Reached skill level 1 in Evocations
 12915 | Orc:1    | Entered Level 1 of the Orcish Mines
 13112 | Orc:2    | Entered Level 2 of the Orcish Mines
 13145 | Orc:2    | Noticed an orc warlord
 13146 | Orc:2    | Reached ****** piety under Cheibriados
 13399 | Orc:2    | Reached skill level 4 in Invocations
 13409 | Orc:2    | Killed an orc warlord
 13830 | Orc:2    | Found Fklaff's Fabulous Fripperies.
 13842 | Orc:2    | Reached skill level 5 in Invocations
 13932 | Orc:2    | Found a staircase to the Elven Halls.
 13970 | Orc:2    | Found Litwoeca's Jewellery Boutique.
 13993 | Orc:2    | Noticed Sonja
 13996 | Orc:2    | Killed Sonja
 14104 | Orc:2    | Noticed an orc sorcerer
 14107 | Orc:2    | Noticed an orc high priest
 14112 | Orc:2    | Killed an orc sorcerer
 14114 | Orc:2    | Noticed an orc sorcerer
 14115 | Orc:2    | Noticed an orc knight
 14118 | Orc:2    | Killed an orc high priest
 14119 | Orc:2    | Reached XP level 12. HP: 52/108 MP: 4/16
 14135 | Orc:2    | Reached skill level 6 in Invocations
 14160 | Orc:2    | Noticed an orc high priest
 14167 | Orc:2    | Killed an orc high priest
 14247 | Orc:2    | Noticed an orc high priest
 14253 | Orc:2    | Killed an orc high priest
 14343 | Orc:2    | Found Axehig's Weapon Emporium.
 14362 | Orc:2    | Reached skill level 5 in Evocations
 14529 | Orc:2    | Found Utiene's Assorted Antiques.
 14536 | Orc:2    | Found Osaolia's Antique Armour Boutique.
 14538 | Orc:2    | Found Ylusi's Jewellery Emporium.
 14551 | Orc:2    | Bought the ring "Puw Soum" {AC+4 Dex+4 Slay+3} for 704 gold
                  | pieces
 14589 | Orc:2    | Reached skill level 7 in Invocations
 14606 | Orc:2    | Bought a faintly humming chain mail for 294 gold pieces
 14606 | Orc:2    | Identified the +1 chain mail of Valiance {rElec rF+ Will+}
                  | (You bought it in a shop on level 2 of the Orcish Mines)
 14979 | D:11     | Found a gate leading to a gauntlet.
 14995 | Gauntlet | Entered a Gauntlet
 14995 | Gauntlet | Found a transporter.
 15112 | Gauntlet | Found a transporter.
 15124 | Gauntlet | Found a transporter.
 15125 | Gauntlet | Found a transporter.
 15127 | Gauntlet | Noticed a catoblepas
 15134 | Gauntlet | Found a transporter.
 15149 | Gauntlet | Noticed a hell hog
 15150 | Gauntlet | Found a transporter.
 15162 | Gauntlet | Found a transporter.
 15169 | Gauntlet | Found a transporter.
 15169 | Gauntlet | Found a transporter.
 15180 | Gauntlet | Found a transporter.
 15181 | Gauntlet | Found a transporter.
 15183 | Gauntlet | Found a transporter.
 15204 | Gauntlet | Noticed a seven-headed hydra
 15205 | Gauntlet | Found a transporter.
 15219 | Gauntlet | Found a transporter.
 15379 | Gauntlet | Identified the +2 pair of gloves of Salvation {rElec
                  | Slay+6}
 15467 | Gauntlet | Gained mutation: You are weak. (Str -2) [potion of
                  | mutation]
 15468 | Gauntlet | Lost mutation: You are weak. (Str -2) [potion of mutation]
 15468 | Gauntlet | Gained mutation: Your health recovers twice as slowly from
                  | being drained. [potion of mutation]
 15468 | Gauntlet | Gained mutation: You have large cloven feet. [potion of
                  | mutation]
 15468 | Gauntlet | Lost mutation: You have large cloven feet. [potion of
                  | mutation]
 15468 | Gauntlet | Gained mutation: Your system is resistant to poisons.
                  | (rPois) [potion of mutation]
 15470 | Gauntlet | Identified the ring of Derch {rPois Will+ rCorr}
 15470 | Gauntlet | Noticed a minotaur
 15479 | Gauntlet | Killed a minotaur
 15489 | Gauntlet | Identified the +1 robe of Webifrap {^Contam Fly rF- Str+5}
 15497 | Gauntlet | Got Sif Muna's Incunabulum of the White Ossuary
 15621 | D:11     | Noticed a five-headed hydra
 15626 | D:11     | Killed a five-headed hydra
 15627 | D:11     | Reached skill level 8 in Invocations
 15772 | D:11     | Noticed a two-headed ogre
 15800 | D:11     | Noticed a two-headed ogre
 15803 | D:11     | Killed a two-headed ogre
 15810 | D:11     | Identified the +6 mace of the Weasel {venom, Str+3}
 15829 | D:11     | Killed a two-headed ogre
 16065 | D:12     | Reached XP level 13. HP: 118/118 MP: 19/19
 16144 | D:12     | Found a frozen archway.
 16163 | D:12     | Reached skill level 10 in Ranged Weapons
 16175 | IceCv    | Entered an ice cave
 16267 | IceCv    | Reached skill level 9 in Invocations
 16614 | IceCv    | Noticed a reaper
 16631 | IceCv    | Killed a reaper
 17088 | D:12     | Identified the maw talisman of Leham {*Corrode Str+8 Dex-3}
 17144 | D:12     | Noticed Urug
 17150 | D:12     | Killed Urug
 17666 | Lair:1   | Entered Level 1 of the Lair of Beasts
 17666 | Lair:1   | Found a shadowy altar of Dithmenos.
 18052 | Lair:1   | Reached skill level 10 in Invocations
 18873 | Lair:2   | Found a hole to the Spider Nest.
 19481 | Lair:2   | Reached XP level 14. HP: 126/126 MP: 21/21
 19569 | Lair:3   | Found a staircase to the Shoals.
 19887 | Lair:3   | Reached skill level 5 in Dodging
 21671 | Lair:4   | Identified the +0 leather armour of Youthful Indiscretion
                  | {Will+}
 22064 | Lair:4   | Found a viscous altar of Jiyva.
 22065 | Lair:4   | Found a staircase to the Slime Pits.
 22275 | Lair:5   | Entered Level 5 of the Lair of Beasts
 23028 | Lair:5   | Identified the +9 short sword of Recklessness {protect,
                  | Int+5}
 23061 | Lair:5   | Reached XP level 15. HP: 94/134 MP: 17/22
 23508 | Lair:5   | Reached skill level 11 in Invocations
 24568 | D:13     | Found a runed translucent door.
 24573 | D:13     | Noticed Dute's ghost (journeyman FoFi)
 24933 | D:14     | Reached skill level 1 in Armour
 24961 | D:14     | Reached skill level 12 in Invocations
 25484 | D:14     | Noticed Nessos
 25491 | D:14     | Killed Nessos
 26053 | D:14     | Found a gate to the Vaults.
 26096 | D:15     | Entered Level 15 of the Dungeon
 26142 | D:15     | Reached skill level 13 in Invocations
 26233 | D:15     | Reached skill level 5 in Armour
 26399 | D:15     | Reached XP level 16. HP: 108/146 MP: 26/26
 26506 | D:15     | Found a staircase to the Depths.
 26709 | D:15     | Found Wycol's Book Emporium.
 26822 | D:15     | Upgraded the game from 0.32-a0-913-g739538afd8 to
                  | 0.32-a0-918-g0f22ef8d61
 27031 | Spider:1 | Entered Level 1 of the Spider Nest
 27216 | Spider:1 | You fall into a shaft and drop 1 floor!
 27224 | Spider:2 | Reached skill level 14 in Invocations
 27356 | Spider:2 | Noticed Nikola
 27372 | Spider:2 | Killed Nikola
 27692 | Spider:2 | Reached skill level 15 in Fighting
 28623 | Spider:1 | Noticed Asterion
 28631 | Spider:1 | Reached skill level 15 in Invocations
 28632 | Spider:1 | Killed Asterion
 29809 | Spider:3 | Found a runed translucent gate.
 29809 | Spider:3 | Found a runed translucent gate.
 29810 | Spider:3 | Found a runed translucent gate.
 29811 | Spider:3 | Noticed jkt's ghost (adept SpEn)
 29897 | Spider:3 | Found a runed translucent door.
 30331 | Spider:3 | Identified the serpent talisman of Experimentation
                  | {*Corrode rElec rF+ Will+}
 30431 | Spider:3 | Reached skill level 10 in Armour
 30618 | Spider:3 | Identified the amulet "Zyjius" {Reflect rF+ Str+6 SH+5}
 30693 | Spider:3 | Reached XP level 17. HP: 159/159 MP: 28/28
 30749 | Spider:3 | Killed jkt's ghost
 30841 | Spider:3 | Identified the +0 pair of gloves "Jummejeq" {*Slow rPois
                  | rN++ Regen+}
 30842 | Spider:3 | Identified the +0 pair of gloves of the Baker {rCorr Str+3
                  | SInv}
 30873 | Spider:4 | Entered Level 4 of the Spider Nest
 31229 | Shoals:1 | Entered Level 1 of the Shoals
 31295 | Shoals:1 | Noticed Kirke
 31309 | Shoals:1 | Killed Kirke
 31404 | Shoals:1 | Found a runed translucent gate.
 31405 | Shoals:1 | Found a runed translucent gate.
 31406 | Shoals:1 | Found a runed translucent gate.
 31407 | Shoals:1 | Noticed avangion's ghost (journeyman DECj)
 31407 | Shoals:1 | Noticed DrFunkyFeet's ghost (journeyman CoAr)
 31940 | Shoals:2 | Found Nyjyxom's Armour Shoppe.
 31975 | Shoals:2 | Reached skill level 1 in Necromancy
 31975 | Shoals:2 | Reached skill level 1 in Earth Magic
 32313 | Shoals:2 | Found Senwar's Overcharged Wands.
 32414 | Shoals:3 | Found Qiofosi's Armour Shoppe.
 33205 | Shoals:4 | Entered Level 4 of the Shoals
 33240 | Shoals:4 | Noticed Ilsuiw
 33261 | Shoals:4 | Killed Ilsuiw
 33653 | Shoals:4 | Acquired 655 gold pieces
 33678 | Shoals:4 | Reached skill level 5 in Necromancy
 33678 | Shoals:4 | Reached skill level 5 in Earth Magic
 33686 | Shoals:4 | Got a barnacled rune of Zot
 33772 | Shoals:4 | Reached XP level 18. HP: 128/171 MP: 26/29
 34153 | Shoals:4 | Identified the +2 hand axe of Upheaval {heavy, rC+ Will+++
                  | SInv}
 34783 | Shoals:4 | Identified the ring of Ashenzari's Favour {rPois rF+ Will+
                  | Slay+2 SInv}
 34931 | Spider:4 | Identified the +5 flail "Zuureshra" {pain, rElec rC+}
 35405 | Spider:4 | Learned a level 4 spell: Dispel Undead
 35411 | Spider:4 | Learned a level 5 spell: Borgnjor's Vile Clutch
 36214 | Spider:4 | Got a gossamer rune of Zot
 36826 | Elf:1    | Entered Level 1 of the Elven Halls
 36981 | Elf:1    | Found a huge runed translucent gate.
 37050 | Elf:1    | Found a huge runed translucent gate.
 37052 | Elf:1    | Found a huge runed translucent gate.
 37053 | Elf:1    | Found a huge runed translucent gate.
 37053 | Elf:1    | Found a huge runed translucent gate.
 37053 | Elf:1    | Found a huge runed translucent gate.
 37053 | Elf:1    | Found a huge runed translucent gate.
 37053 | Elf:1    | Found a huge runed translucent gate.
 37055 | Elf:1    | Found a huge runed translucent gate.
 37055 | Elf:1    | Found a huge runed translucent gate.
 37055 | Elf:1    | Found a huge runed translucent gate.
 37055 | Elf:1    | Found a huge runed translucent gate.
 37056 | Elf:1    | Found a huge runed translucent gate.
 37056 | Elf:1    | Found a huge runed translucent gate.
 37056 | Elf:1    | Found a huge runed translucent gate.
 37057 | Elf:1    | Found a huge runed translucent gate.
 37057 | Elf:1    | Found a huge runed translucent gate.
 37057 | Elf:1    | Found a huge runed translucent gate.
 37057 | Elf:1    | Found a huge runed translucent gate.
 37080 | Elf:1    | Reached skill level 5 in Spellcasting
 37172 | Elf:1    | Acquired 547 gold pieces
 37230 | Orc:2    | Bought a manual of Fighting for 1120 gold pieces
 37273 | Elf:1    | Found Joeg's Book Boutique.
 37273 | Elf:1    | Noticed a walking earthen tome
 37274 | Elf:1    | Noticed a walking crystal tome
 37282 | Elf:1    | Bought an Everburning Encyclopedia for 494 gold pieces
 37282 | Elf:1    | Bought a manual of Necromancy for 1040 gold pieces
 37390 | Elf:1    | Found Jip Onar's Antique Weapon Shoppe.
 37548 | Elf:1    | Found Jiloif's Jewellery Emporium.
 37686 | Elf:1    | Reached skill level 10 in Necromancy
 37780 | Elf:1    | Reached XP level 19. HP: 47/181 MP: 17/30
 38308 | Elf:1    | Noticed Zenata
 38320 | Elf:1    | Killed Zenata
 38947 | Elf:2    | Identified the +10 chain mail of Makhleb's Reproof {Int+5
                  | Dex-3}
 39111 | Elf:2    | Paralysed by an air elemental for 1 turns
 39373 | Elf:2    | Found Hinuus's Weapon Emporium.
 39377 | Elf:2    | Found Ytaadoq's Assorted Antiques.
 39519 | Elf:2    | Found Tin Bes's Jewellery Boutique.
 39689 | Elf:2    | Found Joymiym's Armour Boutique.
 39849 | Elf:2    | Found a runed translucent gate.
 39849 | Elf:2    | Found a runed translucent gate.
 39850 | Elf:2    | Found a runed translucent gate.
 39934 | Elf:3    | Entered Level 3 of the Elven Halls
 40107 | Elf:3    | Paralysed by an air elemental for 1 turns
 40999 | Elf:3    | Found Cudd's Magic Scroll Shoppe.
 41007 | Elf:3    | Bought a scroll of enchant armour for 135 gold pieces
 41191 | Elf:3    | Identified the ring "Wauduk" {rElec Will+ Str+7 Dex-5}
 41589 | Elf:3    | HP: 3/149 [Executioner[a ghostly deep elf demonologist]
                  | (18)]
 42425 | Elf:3    | Identified the +9 plate armour of Greed {-Cast rPois rC-
                  | rCorr}
 42425 | Elf:3    | Identified the ring "Pim Ydir" {Fly rPois Str-3 Dex+9}
 42426 | Elf:3    | Identified the +6 war axe of the Leaping Hero {flame, rElec
                  | Will+ rCorr}
 42428 | Elf:3    | Noticed a Brimstone Fiend
 42775 | Elf:3    | Identified the staff "Heejypni" {Dex+5 Earth}
 42784 | Elf:3    | Identified the +4 chain mail of Ykavelenn {rPois Str+2}
 42793 | Elf:3    | Got Catemmex's Atlas of Ironbound Correspondence
 42843 | Elf:3    | Got Ulim's Omnibus of Places
 42853 | Elf:3    | Identified the +0 quick blade "Eto Uxiulo" {heavy, *Noise
                  | rPois rCorr Stlth+}
 42937 | Elf:3    | Learned a level 3 spell: Fugue of the Fallen
 43263 | Vaults:1 | Entered Level 1 of the Vaults
 43350 | Vaults:1 | Identified the +8 scimitar of the Lurker {venom, Str+5}
 43770 | Vaults:1 | Reached XP level 20. HP: 166/166 MP: 31/31
 44184 | Vaults:1 | Identified the +6 great mace of Wondrous Power {heavy,
                  | Dex+5}
 44566 | Vaults:1 | Reached skill level 15 in Fire Magic
 45042 | Vaults:1 | Reached skill level 10 in Dodging
 45092 | Vaults:1 | Learned a level 8 spell: Ignition
 46351 | Elf:2    | Bought the amulet of Vitality {Regen++ RegenMP++} for 1700
                  | gold pieces
 46351 | Elf:2    | Found the amulet of Vitality {Regen++ RegenMP++}
 46781 | Vaults:2 | Reached skill level 5 in Shields
 46803 | Vaults:2 | Found a staircase to the Crypt.
 47036 | Vaults:2 | Found a runed translucent gate.
 47036 | Vaults:2 | Found a runed translucent gate.
 47036 | Vaults:2 | Found a runed translucent gate.
 47037 | Vaults:2 | Noticed retardedninja's ghost (adept CoFi)
 47129 | Crypt:1  | Entered Level 1 of the Crypt
 48199 | Crypt:2  | Noticed a doom hound
 48203 | Crypt:2  | Noticed Grunn
 48205 | Crypt:2  | Noticed a doom hound
 48340 | Crypt:2  | Killed a doom hound
 48342 | Crypt:2  | Killed a doom hound
 48344 | Crypt:2  | Killed Grunn
 48587 | Crypt:2  | Identified the orb of Eruruwoa {*channel, rC- Will+ rCorr}
 48587 | Crypt:2  | Noticed Frederick
 48601 | Crypt:2  | Killed Frederick
 48725 | Crypt:2  | Reached XP level 21. HP: 193/195 MP: 32/32
 48899 | Crypt:3  | Entered Level 3 of the Crypt
 49299 | Crypt:3  | Found an ancient bone altar of Kikubaaqudgha.
 49373 | Crypt:3  | Noticed a dread lich
 49380 | Crypt:3  | Killed a dread lich
 49541 | Crypt:3  | Found a staircase to the Tomb.
 49706 | Crypt:3  | Got the Catalogue of the Charnel House
 50225 | Vaults:2 | Reached skill level 10 in Shields
 50389 | Vaults:2 | Found an iron altar of Okawaru.
 50412 | Vaults:2 | Noticed Xtahua
 50427 | Vaults:2 | Killed Xtahua
 50552 | Vaults:2 | Killed retardedninja's ghost
 50653 | Vaults:3 | Found Eziudyxt's Jewellery Boutique.
 51081 | Vaults:3 | Reached XP level 22. HP: 202/203 MP: 33/33
 54222 | Vaults:4 | Found Myufyuv's Magic Scroll Shoppe.
 54226 | Vaults:4 | Bought a scroll of acquirement for 832 gold pieces
 54226 | Vaults:4 | Acquired 792 gold pieces
 54322 | Vaults:5 | Entered Level 5 of the Vaults
 54394 | Vaults:5 | Identified the +1 acid dragon scales of Huetsaof {rCorr
                  | MP+9}
 54492 | Vaults:4 | Reached XP level 23. HP: 76/215 MP: 19/34
 54597 | Vaults:5 | Noticed an ancient lich
 54699 | Vaults:5 | Noticed an ancient lich
 54741 | Vaults:5 | Noticed an ancient lich
 54750 | Vaults:5 | Noticed an ancient lich
 54755 | Vaults:5 | HP: 7/209 [ancient lich/crystal spear (47)]
 54755 | Vaults:5 | HP: 1/209 [yaktaur/bolt[a yaktaur captain] (6)]
 54837 | Vaults:5 | Killed an ancient lich
 54854 | Vaults:5 | Killed an ancient lich
 55044 | Vaults:5 | Killed an ancient lich
 55122 | Vaults:5 | Identified the +0 ring mail "Muamib" {Harm rPois}
 55196 | Vaults:5 | Killed an ancient lich
 55215 | Vaults:5 | Identified the +5 trident of the Nurturing Coward {protect,
                  | ^Contam rN+++ Str+3 Int+3}
 55660 | Vaults:5 | Got a silver rune of Zot
 56003 | Vaults:5 | Found Buobreaf's Assorted Antiques.
 56027 | Vaults:5 | Bought a potion of heal wounds for 235 gold pieces
 56275 | Depths:1 | Entered Level 1 of the Depths
 56567 | Depths:1 | Found a blossoming altar of Fedhas.
 56875 | Depths:1 | Found a gateway to Hell.
 57011 | Depths:1 | Reached skill level 15 in Dodging
 57416 | Orc:2    | Bought a runed helmet for 232 gold pieces
 57645 | Depths:2 | Found a one-way gateway to a ziggurat.
 57730 | Depths:2 | Reached XP level 24. HP: 213/213 MP: 34/34
 57745 | Depths:2 | Reached skill level 15 in Armour
 57931 | Depths:2 | Found a one-way gate leading to the halls of Pandemonium.
 58340 | Depths:2 | Noticed a juggernaut
 58345 | Depths:2 | Identified the +9 short sword of Pain and Death {antimagic,
                  | *Rage rElec rCorr Str+3}
 58356 | Depths:2 | Killed a juggernaut
 59211 | Depths:3 | Reached skill level 16 in Invocations
 59573 | Depths:3 | Found a one-way gate to the infinite horrors of the Abyss.
 59651 | Depths:4 | Entered Level 4 of the Depths
 59653 | Depths:4 | Noticed the Enchantress
 59655 | Depths:4 | Noticed a juggernaut
 59656 | Depths:4 | Killed the Enchantress
 59685 | Depths:4 | Killed a juggernaut
 59745 | Depths:4 | Noticed Sojobo
 59758 | Depths:4 | Killed Sojobo
 59799 | Depths:4 | Found a flickering gateway to a bazaar.
 59854 | Depths:4 | Reached skill level 17 in Invocations
 59978 | Bazaar   | Entered a bazaar
 59980 | Bazaar   | Found Wonymuag's Book Emporium.
 59988 | Bazaar   | Found Hibiotui's Antique Armour Shop.
 60029 | Bazaar   | Found Xaxua's Jewellery Shoppe.
 60037 | Bazaar   | Bought the ring of Ignis's Supremacy {rElec rC+ rN+ Str-2
                  | Slay+6} for 834 gold pieces
 60038 | Bazaar   | Found Pegazaij's General Store.
 60046 | Bazaar   | Bought a scroll of enchant armour for 120 gold pieces
 60454 | Depths:4 | Found a gate to the Realm of Zot.
 60642 | Zot:1    | Entered Level 1 of the Realm of Zot
 60646 | Zot:1    | Reached XP level 25. HP: 226/238 MP: 14/35
 61143 | Zot:1    | Reached skill level 18 in Invocations
 61267 | Zot:1    | Acquired 886 gold pieces
 62214 | Zot:2    | Identified the +3 chain mail of Byneid {Regen+ Str+3}
 62743 | Zot:3    | Reached skill level 19 in Invocations
 62998 | Zot:3    | Reached skill level 10 in Spellcasting
 63096 | Zot:3    | Noticed a dread lich
 63096 | Zot:3    | Noticed an orb of fire
 63099 | Zot:3    | Gained mutation: Your body sometimes deteriorates upon
                  | taking damage. [an orb of fire]
 63101 | Zot:3    | Reached skill level 20 in Invocations
 63104 | Zot:3    | Killed a dread lich
 63104 | Zot:3    | Gained mutation: You are dopey. (Int -2) [an orb of fire]
 63109 | Zot:3    | Gained mutation: Your body often deteriorates upon taking
                  | damage. [an orb of fire]
 63109 | Zot:3    | Gained mutation: You are clumsy. (Dex -2) [an orb of fire]
 63118 | Zot:3    | Gained mutation: You are weak. (Str -2) [an orb of fire]
 63119 | Zot:3    | Gained mutation: You are very weak. (Str -4) [an orb of
                  | fire]
 63127 | Zot:3    | Lost mutation: You are dopey. (Int -2) [an orb of fire]
 63134 | Zot:3    | Killed an orb of fire
 63135 | Zot:3    | Lost mutation: Your health recovers twice as slowly from
                  | being drained. [potion of mutation]
 63135 | Zot:3    | Lost mutation: Your body often deteriorates upon taking
                  | damage. [potion of mutation]
 63135 | Zot:3    | Lost mutation: Your body sometimes deteriorates upon taking
                  | damage. [potion of mutation]
 63135 | Zot:3    | Gained mutation: You have hidden genetic defects. [potion
                  | of mutation]
 63136 | Zot:3    | Lost mutation: You have hidden genetic defects. [potion of
                  | mutation]
 63136 | Zot:3    | Lost mutation: You are very weak. (Str -4) [potion of
                  | mutation]
 63136 | Zot:3    | Lost mutation: You are clumsy. (Dex -2) [potion of
                  | mutation]
 63136 | Zot:3    | Gained mutation: You are agile. (Dex +4, Str/Int -1)
                  | [potion of mutation]
 63136 | Zot:3    | Gained mutation: You expend magic power (3 MP) to
                  | strengthen your wands. [potion of mutation]
 63567 | Zot:3    | Reached XP level 26. HP: 246/246 MP: 37/37
 63981 | Zot:4    | Reached skill level 21 in Invocations
 64559 | Zot:5    | Entered Level 5 of the Realm of Zot
 65030 | Zot:5    | Reached skill level 22 in Invocations
 65099 | Zot:5    | Noticed a dread lich
 65103 | Zot:5    | Killed a dread lich
 65124 | Zot:5    | Noticed an orb of fire
 65125 | Zot:5    | Noticed an orb of fire
 65125 | Zot:5    | Noticed an orb of fire
 65129 | Zot:5    | Noticed an orb of fire
 65464 | Zot:5    | Reached skill level 23 in Invocations
 65695 | Zot:5    | Noticed a dread lich
 65710 | Zot:5    | Killed a dread lich
 65754 | Zot:5    | Gained mutation: You have sharp fingernails. [an orb of
                  | fire]
 65852 | Zot:5    | Reached skill level 24 in Invocations
 66043 | Zot:5    | Acquired a +2 hand cannon of flaming
 66153 | Zot:5    | Gained mutation: Armour fits poorly on your strangely
                  | shaped body. [an orb of fire]
 66154 | Zot:5    | Lost mutation: You expend magic power (3 MP) to strengthen
                  | your wands. [an orb of fire]
 66155 | Zot:5    | Killed an orb of fire
 66155 | Zot:5    | Gained mutation: Your spells are a little easier to cast,
                  | but a little less powerful. [an orb of fire]
 66165 | Zot:5    | Killed an orb of fire
 66175 | Zot:5    | Gained mutation: You sometimes lose your temper in combat.
                  | [an orb of fire]
 66184 | Zot:5    | Killed an orb of fire
 66185 | Zot:5    | Reached skill level 25 in Invocations
 66189 | Zot:5    | Gained mutation: You are very weak. (Str -4) [an orb of
                  | fire]
 66264 | Zot:5    | Lost mutation: You sometimes lose your temper in combat.
                  | [potion of mutation]
 66264 | Zot:5    | Lost mutation: You have sharp fingernails. [potion of
                  | mutation]
 66264 | Zot:5    | Lost mutation: Your system is resistant to poisons. (rPois)
                  | [potion of mutation]
 66264 | Zot:5    | Gained mutation: Your flesh is cold resistant. (rC+)
                  | [potion of mutation]
 66264 | Zot:5    | Lost mutation: You are agile. (Dex +4, Str/Int -1) [potion
                  | of mutation]
 66264 | Zot:5    | Gained mutation: You occasionally lose the ability to read
                  | scrolls when taking damage. [potion of mutation]
 66264 | Zot:5    | Gained mutation: You have hidden genetic potential. [potion
                  | of mutation]
 66265 | Zot:5    | Lost mutation: Your spells are a little easier to cast, but
                  | a little less powerful. [potion of mutation]
 66265 | Zot:5    | Lost mutation: You occasionally lose the ability to read
                  | scrolls when taking damage. [potion of mutation]
 66265 | Zot:5    | Gained mutation: Your body sometimes deteriorates upon
                  | taking damage. [potion of mutation]
 66266 | Zot:5    | Lost mutation: You are very weak. (Str -4) [potion of
                  | mutation]
 66266 | Zot:5    | Lost mutation: Armour fits poorly on your strangely shaped
                  | body. [potion of mutation]
 66266 | Zot:5    | Lost mutation: You have hidden genetic potential. [potion
                  | of mutation]
 66266 | Zot:5    | Gained mutation: Your mind is acute. (Int +4, Str/Dex -1)
                  | [potion of mutation]
 66266 | Zot:5    | Gained mutation: You have an increased reservoir of magic.
                  | (+10% MP) [potion of mutation]
 66266 | Zot:5    | Gained mutation: You passively dampen the noise of your
                  | surroundings. [potion of mutation]
 66308 | Zot:5    | Gained mutation: Your spells are a little easier to cast,
                  | but a little less powerful. [an orb of fire]
 66315 | Zot:5    | Gained mutation: You are occasionally teleported next to
                  | monsters. [an orb of fire]
 66316 | Zot:5    | Gained mutation: You do not regenerate when monsters are
                  | visible. [an orb of fire]
 66322 | Zot:5    | Killed an orb of fire
 66344 | Zot:5    | Lost mutation: Your mind is acute. (Int +4, Str/Dex -1)
                  | [potion of mutation]
 66344 | Zot:5    | Lost mutation: Your flesh is cold resistant. (rC+) [potion
                  | of mutation]
 66344 | Zot:5    | Lost mutation: You are occasionally teleported next to
                  | monsters. [potion of mutation]
 66344 | Zot:5    | Lost mutation: Your body sometimes deteriorates upon taking
                  | damage. [potion of mutation]
 66344 | Zot:5    | Lost mutation: You do not regenerate when monsters are
                  | visible. [potion of mutation]
 66344 | Zot:5    | Gained mutation: You are robust. (+10% HP) [potion of
                  | mutation]
 66399 | Zot:5    | Got the Orb of Zot
 66785 | D:12     | Reached XP level 27. HP: 279/279 MP: 43/43
 66895 | D:6      | Noticed Diymuap the pandemonium lord
 66909 | D:6      | Killed Diymuap the pandemonium lord
 66934 | D:5      | Noticed Apaim the pandemonium lord
 66947 | D:5      | Killed Apaim the pandemonium lord
 67069 | D:1      | Reached skill level 26 in Invocations
 67083 | D:$      | Escaped with the Orb!

Illustrated notes

Levels and vault maps discovered:
D:1:      nicolae_arrival_somewhat_less_tricky_arrival, layout_basic,
          serial_bayou, serial_bayou_lagoon_a, serial_bayou_ford_a,
          serial_bayou_pond_b, serial_bayou_lake_a,
          hellmonk_ecumenical_altar_blasted
D:2:      cheibrodos_helix_gallery, layout_basic, serial_shops,
          nicolae_shop_real_fake_doors, minmay_joined_circles, uniq_robin
D:3:      cheibrodos_old_hovel, layout_loops_ring, zin_angel, uniq_jessica
D:4:      layout_layer_cave, nicolae_overflow_hidden_temple, trog_hazing_becter,
          minmay_temple_entry_overgrown, uniq_blork_the_orc
D:5:      gammafunk_cloud_chamber, layout_basic, overflow_temple_1_default,
          serial_shops, nicolae_shop_rolling_square, nicolae_take_the_stairs,
          hellmonk_no_cap
D:6:      layout_layer_cave, mainiacjoe_overflow_24_doors, jmf_multi_god_temple,
          ebering_ghost_rock_garden, uniq_maggie
D:7:      layout_basic, solitary_fountain, nrook_pool_corridor, uniq_jeremiah,
          uniq_prince_ribbit1
D:8:      layout_rooms, nicolae_overflow_crystal_walls, kennysheep_mini_moat,
          worldfamousw_hep_ancestral_shrine, serial_corexii_hall,
          chequers_hall_statues_corner_a, corexii_hall_statues_x,
          gammafunk_ghost_cemetery
D:9:      layout_rooms, hellmonk_lair_entry_icy, erik_orc_1,
          ebering_ghost_rock_garden, kennysheep_potato, uniq_pikel, uniq_maurice
D:10:     minmay_wavy_crystal, layout_stronghold
D:11:     layout_rooms, gauntlet_entry_generic
D:12:     layout_irregular_city, portal_ice_cave_entry_animals_and_master,
          uniq_urug
D:13:     layout_roguey, ebering_ghost_reflecting_pool
D:14:     layout_irregular_city, hellmonk_vaults_keyhole, chequers_jeans,
          uniq_nessos
D:15:     hellmonk_depths_entry_around_the_bend, layout_cave_pools,
          serial_shops, nicolae_shop_hallway_stairs
Lair:1:   lemuel_slime, layout_gridlike, serial_forest,
          infiniplex_forest_clump_diagonal, infiniplex_forest_clump_cross,
          infiniplex_forest_straight_4, infiniplex_forest_straight_4,
          infiniplex_forest_clump_diagonal, infiniplex_forest_clump_small,
          basic_altar, minivault_27, beast_lair_carwin_11
Lair:2:   layout_loops_ring, nicolae_spider_entry_orb_guardian,
          chequers_serial_rivers_micro_e, dpeg_stationary_puzzle,
          infiniplex_staircase_pool_2
Lair:3:   nzn_winding_woodlands_three_and_one [nzn_winding_woodlands_5x15_pool,
          nzn_winding_woodlands_5x15_pathside_ponds,
          nzn_winding_woodlands_5x15_longhouse,
          nzn_winding_woodlands_center_pierced_h], layout_regular_city,
          nicolae_shoals_entry_roost, lemuel_fruit_tree
Lair:4:   layout_small_grid, dpeg_slime_entry_enclosed, minmay_holes
Lair:5:   gammafunk_lair_ancient_temple, layout_long_grid, serial_bayou_shore_b
Shoals:1: layout_shoals, gammafunk_ghost_cemetery, uniq_kirke
Shoals:2: layout_shoals, serial_shops, nicolae_shop_advertising_works
          [nicolae_subvault_shop_adworks], nicolae_shop_overcharged_wands
Shoals:3: layout_shoals, serial_shops, shop
Shoals:4: shoals_end_simple, layout_shoals, shoal_ilsuiw, ldierk_geyser
Spider:1: layout_spider_delve, uniq_asterion
Spider:2: layout_spider_delve, nicolae_spider_wall_of_niches, uniq_nikola
Spider:3: cheibrodos_spider_deadly_dance, gammafunk_ghost_tricky_traps
Spider:4: guppyfry_spider_rune
Orc:1:    layout_caves, serial_shops, shop, basic_altar, uniq_fannar
Orc:2:    st_orc_elflike, layout_caves, serial_shops,
          nicolae_shop_window_shopping, nicolae_alphabet_shops, uniq_sonja
Elf:1:    minmay_elf_arrival_circle, layout_geoelf_grid, serial_shops,
          nicolae_shop_mannequins, nicolae_shop_peninsula,
          nicolae_shop_back_alley_shop, special_room [special_room_orc],
          hangedman_elf_represent, uniq_zenata
Elf:2:    nicolae_elf_blades_splatter_lattice
          [nicolae_blade_entry_crossed_weapons], layout_geoelf_grid,
          serial_shops, nicolae_shop_tiny_statue_garden,
          nicolae_shop_overgrown_old_shop, nicolae_shop_waterfront, shop,
          minmay_the_grid_square_5x5_3x3_mashed
          [minmay_the_grid_square_5x5_shuriken, minmay_the_grid_square_5x5_comb,
          minmay_the_grid_square_5x5_spiral_small, minmay_the_grid_square_5x5_n,
          minmay_the_grid_square_5x5_megaprize_open,
          minmay_the_grid_square_5x5_sharp_hourglass,
          minmay_the_grid_square_5x5_three_walls,
          minmay_the_grid_square_5x5_bracketed,
          minmay_the_grid_square_5x5_moneybag], lemuel_upstairs_altar
Elf:3:    minmay_elf_hall_dome, layout_loops_corners, serial_shops,
          nicolae_shop_peninsula, hangedman_elf_targeted_burst,
          serial_library_regret_index_split_case
Vaults:1: hangedman_vaults_corner, hangedman_vaults_river_flow,
          nicolae_vaults_mush_room, v_rooms_4, nicolae_vaults_little_squares_3,
          v_misc_8, nicolae_vaults_alarming, ontoclasm_vaults_bender,
          ontoclasm_vaults_chip, nicolae_vaults_gold_heap, v_misc_2,
          nicolae_vaults_rhombus_5, layout_vaults_omnigrid
Vaults:2: gammafunk_ghost_fury_of_okawaru, v_alt_pattern_3,
          nicolae_vaults_trapezoid_lopsided_2, vaults_room_ringed_pool,
          ontoclasm_vaults_spin, nicolae_vaults_wine_cellar,
          blue_anna_dwarven_crypt, vaults_dpeg_emergency_exit,
          layout_vaults_omnicross, uniq_xtahua
Vaults:3: v_alt_pattern_5, nicolae_vaults_what_the_h, grunt_vaults_trifunnel,
          nicolae_vaults_spaceships, nicolae_vaults_little_squares_2,
          ontoclasm_vaults_fault, lightli_orcish_oven, v_misc_26,
          nicolae_vaults_apartment_1, vaults_dpeg_ring,
          nicolae_vaults_trapezoid_lopsided_3, nicolae_vaults_enemy_cabinets,
          layout_vaults_chaotic_city, serial_shops, shop
Vaults:4: ontoclasm_vaults_claustrophobia, ontoclasm_vaults_shout,
          nicolae_vaults_sealed_display, nicolae_vaults_tetromino_L_2,
          nicolae_vaults_more_shelving_2, v_misc_15, v_alt_pattern_4,
          vaults_standard_mumra_x, nicolae_vaults_wrenched,
          nicolae_vaults_tangram_1, vaults_dpeg_encased_lava,
          hangedman_vaults_stretched_pinwheel,
          vaults_standard_mumra_enter_the_diamond, nicolae_vaults_house_2,
          vaults_room_large_hall, layout_vaults_maze, serial_shops, shop
Vaults:5
Crypt:1:  layout_chaotic_city, grunt_ministairs_9
Crypt:2:  layout_chaotic_city, uniq_grunn, uniq_frederick
Crypt:3:  cryptofortress_bobbens
Depths:1: layout_roguey, grunt_hell_entry_dis_mu, nicolae_sextant, drop_trap,
          fedhas_altar_1, serial_bayou_shore_b, grunt_megastairs_3,
          serial_bayou_shore_b
Depths:2: minmay_concentric_multi, layout_gridville, enter_ziggurat_b,
          pan_entry, nicolae_tricolors, grunt_mini_vestibule
Depths:3: minmay_bloctagon, layout_gridlike, kennysheep_doodads, abyss_entry,
          hell_entry
Depths:4: evilmike_zot_entry_hall, layout_cave_pools, hangedman_decor_lopped,
          serial_shops, bzr_entry_islet, hangedman_geh_valley, uniq_sojobo,
          uniq_margery, uniq_enchantress
Zot:1:    layout_cellular_growth, st_large_dragon_hoard_2,
          regret_index_zotdec_banners
Zot:2:    layout_concentric_octagons, grunt_ministairs_10
Zot:3:    grunt_deathspiral_small, layout_concentric_octagons
Zot:4:    layout_basic
Zot:5:    layout_basic, st_stairs_1

Skill      XL: |  1  2  3  4  5  6  7  8  9 10 11 12 13 14 15 16 17 18 19 20 21 22 23 24 25 26 27 |
---------------+----------------------------------------------------------------------------------+-----
Spellcasting   | 2 3 5 7 10 | 10.0
Fighting       | 1 2 3 4 5 7 9 10 12 14 16 17 18 20 22 | 22.0
Alchemy        | 3 4 5 6 7 8 |  8.0
Invocations    | 1 2 3 5 8 10 13 15 17 20 25 26 | 26.0
Fire Magic     | 1 2 3 4 5 7 9 10 14 17 18 20 22 23 | 23.8
Shields        | 1 3 4 7 11 14 | 14.2
Ranged Weapons | 1 3 5 7 9 11 14 | 14.0
Evocations     | 3 6 |  6.0
Dodging        | 4 6 7 9 11 12 13 15 | 15.0
Armour         | 5 10 12 14 15 18 19 | 19.7
Necromancy     | 5 10 13 | 13.3
Earth Magic    | 5 9 |  9.3
Stealth        | |  1.4
Conjurations   | |  0.8

Action                     |  1- 3 |  4- 6 |  7- 9 | 10-12 | 13-15 | 16-18 | 19-21 | 22-24 | 25-27 || total
---------------------------+-------+-------+-------+-------+-------+-------+-------+-------+-------++-------
  Melee: Unarmed           |    27 |       |       |       |       |       |       |       |       ||    27
         Short sword       |   112 |    30 |       |       |       |       |       |       |       ||   142
         Club              |       |    96 |       |       |       |       |       |       |       ||    96
         Trident           |       |    87 |       |       |       |       |       |       |       ||    87
         Greatsling        |       |       |       |       |       |       |       |       |     3 ||     3
   Fire: Greatsling        |       |    36 |   206 |   379 |   982 |  1243 |  1387 |  1346 |  1127 ||  6706
   Cast: Sting             |    60 |   106 |     3 |       |       |       |       |       |       ||   169
         Olgreb's Toxic Ra |       |       |     9 |    42 |    32 |    62 |    25 |     2 |     1 ||   173
         Sticky Flame      |       |       |     2 |    14 |    22 |     7 |     1 |       |       ||    46
         Borgnjor's Vile C |       |       |       |       |       |     8 |    28 |    15 |     6 ||    57
         Dispel Undead     |       |       |       |       |       |       |    69 |    16 |    10 ||    95
         Fugue of the Fall |       |       |       |       |       |       |     7 |       |       ||     7
         Ignition          |       |       |       |       |       |       |    11 |    70 |    52 ||   133
 Invoke: Recite            |     1 |     5 |       |       |       |       |       |       |       ||     6
         Slouch            |       |       |       |     1 |     2 |    13 |     6 |     3 |     2 ||    27
         Bend Time         |       |       |       |     1 |       |     1 |       |       |       ||     2
         Step From Time    |       |       |       |       |     1 |       |     1 |       |     2 ||     4
  Evoke: Phantom mirror    |       |       |       |     2 |       |       |       |       |       ||     2
         Gell's gravitambo |       |       |       |       |       |       |     2 |     1 |     2 ||     5
         Wand              |       |       |       |       |       |       |       |     1 |       ||     1
         Sack of spiders   |       |       |       |       |       |       |       |       |     1 ||     1
    Use: Potion            |     2 |       |       |     3 |     1 |     1 |     5 |     2 |    16 ||    30
         Scroll            |       |     3 |     7 |     8 |     6 |     7 |     3 |     7 |    11 ||    52
   Stab: Sleeping          |     1 |       |       |       |       |       |       |       |       ||     1
         Distracted        |       |     1 |       |       |       |       |       |       |       ||     1
 Armour: Robe              |    20 |       |       |       |       |       |       |       |       ||    20
         Leather armour    |   103 |   287 |    43 |       |       |       |       |       |       ||   433
         Swamp dragon scal |       |       |    41 |   172 |   300 |   194 |       |       |       ||   707
         Chain mail        |       |       |       |       |       |   489 |   594 |   743 |   683 ||  2509
  Dodge: Dodged            |   117 |   193 |    34 |   143 |   213 |   555 |   511 |   667 |   608 ||  3041
  Block: Buckler           |       |    29 |    26 |    78 |   122 |   474 |   183 |   497 |   379 ||  1788
         Reflection        |       |       |       |       |       |    25 |    43 |       |       ||    68
         Kite shield       |       |       |       |       |       |       |   389 |    39 |       ||   428

Table legend: (Time is in decaauts)
 A = Elapsed time spent in this place.
 B = Non-inter-level travel time spent in this place.
 C = Inter-level travel time spent in this place.
 D = Time resting spent in this place.
 E = Time spent auto-exploring this place.
 F = Levels seen in this place.
 G = Mean time per level.
                   A        B        C        D        E       F      G
               +--------+--------+--------+--------+--------+-----+--------+
         Total |  98644 |  87196 |  11448 |   4193 |  69561 |  53 | 1861.2 |
       Dungeon |  25298 |  20516 |   4782 |    825 |  16625 |  15 | 1686.5 |
          Lair |  10540 |   9766 |    774 |    384 |   8351 |   5 | 2108.0 |
        Shoals |   5471 |   5253 |    218 |      0 |   4434 |   4 | 1367.8 |
   Spider Nest |   8010 |   7425 |    585 |    641 |   5686 |   4 | 2002.5 |
  Orcish Mines |   3412 |   2511 |    901 |    451 |   1734 |   2 | 1706.0 |
   Elven Halls |   9484 |   8159 |   1325 |    569 |   6591 |   3 | 3161.3 |
        Vaults |  14009 |  12381 |   1628 |    202 |  10528 |   5 | 2801.8 |
         Crypt |   4447 |   4213 |    234 |     62 |   3303 |   3 | 1482.3 |
        Depths |   6630 |   6178 |    452 |    180 |   4677 |   4 | 1657.5 |
           Zot |   9135 |   8591 |    544 |    576 |   6332 |   5 | 1827.0 |
        Bazaar |    204 |    204 |      0 |      0 |    150 |   1 |  204.0 |
      Ice Cave |   1182 |   1182 |      0 |    202 |    723 |   1 | 1182.0 |
      Gauntlet |    816 |    816 |      0 |     99 |    423 |   1 |  816.0 |
               +--------+--------+--------+--------+--------+-----+--------+

Top non-repeatable levels by time:
Vaults:1: 4151 daAuts
   Elf:3: 3991 daAuts
   Elf:1: 3568 daAuts
     D:9: 3032 daAuts
    D:10: 3017 daAuts
Vaults:3: 2897 daAuts
Spider:4: 2635 daAuts
Vaults:2: 2613 daAuts
   Zot:5: 2578 daAuts
    D:14: 2563 daAuts
   Orc:2: 2499 daAuts
  Lair:3: 2482 daAuts
  Lair:4: 2471 daAuts
Vaults:5: 2263 daAuts
    D:12: 2221 daAuts
